 Dungeon Crawl Stone Soup version 0.30-a0-540-g0af01429fa (webtiles) character file.

Game seed: 9461060341394901132

837 arthad the Insei (level 7, -4/64 HPs)
             Began as a Gnoll Transmuter on Dec 25, 2022.
             Was an Initiate of Sif Muna.
             Slain by a lemure (7 damage)
             ... led by Pikel
             ... on level 6 of the Dungeon.
             The game lasted 00:15:38 (4976 turns).

arthad the Insei (Gnoll Transmuter)                 Turns: 4976, Time: 00:15:39

Health: -4/64      AC:  7    Str:  9    XL:     7   Next: 99%
Magic:  14/15      EV: 11    Int: 20    God:    Sif Muna [......]
Gold:   38         SH:  0    Dex: 13    Spells: 4/17 levels left

rFire   x . .      SeeInvis .      - Unarmed
rCold   + + +      Faith    .    (shield currently unavailable)
rNeg    . . .      Spirit   .    (body armour currently unavailable)
rPois   +          Reflect  .    (helmet currently unavailable)
rElec   .          Harm     .    (cloak currently unavailable)
rCorr   +          Rampage  .    (gloves currently unavailable)
Will    .....                    (boots currently unavailable)
Stlth   ++                       (no amulet)
HPRegen 0.30/turn                s - ring of resist corrosion
MPRegen 0.14/turn                w - +6 ring of intelligence

@: ice-form
A: freezing attack, amphibious, boosted hp, large, (fangs 1), strong nose,
distributed training
a: End Transformation, Renounce Religion


You were on level 6 of the Dungeon.
You worshipped Sif Muna.
Sif Muna was noncommittal.
You were a creature of crystalline ice.
You visited 2 branches of the dungeon, and saw 7 of its levels.

You collected 416 gold pieces.
You spent 378 gold pieces at shops.

Inventory:

Hand Weapons
 f - a +2 dagger of draining
 p - the +0 staff of Battle (melded)
   (You found it on level 4 of the Dungeon)

   It enhances your conjuration magic.
   It summons a battlesphere in combat, with strength depending on Conjurations
   skill.
   Its strikes trigger the battlesphere's blasts.
Missiles
 n - 10 poisoned darts
Armour
 a - a +0 robe (melded)
 e - a +0 cloak (melded)
 j - the -2 pair of boots of Responsibility {rF+}
   (You found it on level 2 of the Dungeon)

   rF:        It protects you from fire.
 m - a +0 pair of boots (melded)
 v - the +5 scale mail of Resilience {rF+ Int+4 Slay-5}
   (You bought it in a shop on level 5 of the Dungeon)

   Int:       It affects your intelligence (+4).
   Slay:      It affects your accuracy & damage with ranged weapons and melee
   (-5).
   rF:        It protects you from fire.
 z - a +0 pair of gloves
 D - the +2 scale mail of the Holding Gods {Dex+2}
   (You bought it in a shop on level 5 of the Dungeon)

   Dex:       It affects your dexterity (+2).
Magical Staves
 x - a staff of earth
 A - a staff of fire
Jewellery
 k - an amulet of guardian spirit
 s - a ring of resist corrosion (left front paw)
 w - a +6 ring of intelligence (right front paw)
Wands
 t - a wand of acid (8)
 u - a wand of charming (5)
 C - a wand of flame (22)
Scrolls
 c - 2 scrolls of teleportation {unknown}
 d - a scroll of blinking {unknown}
 g - a scroll of vulnerability {unknown}
 h - 3 scrolls of identify {unknown}
 i - a scroll of noise {unknown}
 l - 3 scrolls of immolation {unknown}
 o - a scroll of fear {unknown}
 y - a scroll of magic mapping {unknown}
Potions
 b - a potion of lignification
 q - a potion of heal wounds
 r - 3 potions of curing
 B - a potion of degeneration {unknown}
 E - a potion of brilliance {unknown}


   Skills:
 + Level 4.0 Fighting
 + Level 3.0 Short Blades
 + Level 3.0 Long Blades
 + Level 3.0 Axes
 + Level 3.0 Maces & Flails
 + Level 3.0 Polearms
 + Level 3.0 Staves
 + Level 3.0 Ranged Weapons
 + Level 3.0 Throwing
 + Level 3.0 Armour
 + Level 5.5 Dodging
 + Level 3.0 Stealth
 + Level 3.0 Shields
 + Level 7.2 Unarmed Combat
 + Level 5.8 Spellcasting
 + Level 2.4 Conjurations
 + Level 2.4 Hexes
 + Level 2.4 Summonings
 + Level 2.4 Necromancy
 + Level 2.4 Translocations
 + Level 4.5 Transmutations
 + Level 2.4 Fire Magic
 + Level 2.4 Ice Magic
 + Level 2.4 Air Magic
 + Level 2.4 Earth Magic
 + Level 2.4 Poison Magic
 + Level 3.2 Invocations
 + Level 3.0 Evocations


You had 4 spell levels left.
You knew the following spells:

 Your Spells              Type           Power      Damage    Failure   Level
a - Beastly Appendage     Tmut           48%        N/A       1%          1
b - Wereblood             Tmut           24%        N/A       2%          2
c - Spider Form           Tmut/Pois      19%        N/A       8%          3
d - Ice Form              Ice/Tmut       19%        N/A       26%         4
e - Call Canine Familiar  Summ           15%        N/A       12%         3

Your spell library contained the following spells:

 Spells                   Type           Power      Damage    Failure   Level
 Summon Small Mammal      Summ           60%        N/A       4%          1
 Summon Guardian Golem    Hex/Summ       15%        N/A       12%         3


Dungeon Overview and Level Annotations

Branches:
Dungeon (6/15)             Temple (1/1) D:5

Altars:
Cheibriados
Elyvilon
Fedhas
Gozag
Hepliaklqana
Makhleb
Okawaru
Qazlal
Sif Muna
Uskayaw
Wu Jian
Xom
Yredelemnul
Zin
The Shining One

Shops:
D:5 [

Annotations:
D:4 1 runed translucent door, Crazy Yiuf
D:5 2 transporters, bande's ghost, amateur GrFi
D:6 Pikel


Innate Abilities, Weirdness & Mutations

You are a creature of crystalline ice.
You have a powerful freezing melee attack.
You are amphibious.
Your maximum health is increased.
Your armour is entirely melded.
You are incapable of wielding weapons or throwing items.
((You have very sharp teeth.))
Your uncanny sense of smell can sniff out nearby items.
Your experience applies equally to all skills.


Message History

You closely miss the lemure.
The lemure is heavily wounded.
The lemure hits you.
You barely miss the lemure.
The lemure is heavily wounded.
The lemure hits you but does no damage.
You punch the lemure! You freeze the lemure.
You kill the lemure!
That felt strangely unrewarding.
The lemure hits you.
The bullfrog croaks.
You punch the lemure! You freeze the lemure.
The lemure is heavily wounded.
The lemure barely misses you.
You punch the lemure! You freeze the lemure.
You kill the lemure!
That felt strangely unrewarding.
Okay, then.
Found 16 gold pieces.
Pikel hits you with a +1 whip of freezing.
You closely miss Pikel. The bullfrog hits you.
You punch Pikel! You freeze Pikel.
Pikel is moderately wounded.
Pikel hits you with a +1 whip of freezing!
* * * LOW HITPOINT WARNING * * *
The lemure closely misses you. The bullfrog hits you.
* * * LOW HITPOINT WARNING * * *
You punch Pikel! You freeze Pikel.
Pikel is severely wounded.
Pikel misses you. The bullfrog closely misses you. The lemure hits you.
* * * LOW HITPOINT WARNING * * *
You hit Pikel but do no damage.
Pikel is severely wounded.
The bullfrog hits you but does no damage.
Pikel hits you with a +1 whip of freezing!
* * * LOW HITPOINT WARNING * * *
The lemure hits you but does no damage. The bullfrog closely misses you.
You barely miss Pikel.
Pikel is severely wounded.
Pikel misses you. The bullfrog closely misses you. The lemure hits you!
You die...

.........
...##..###.$.#. ...
........<......# ..
.#..........#...##.#####
........................
...........#............
......................
...........#...FK5.#
†..........#....Y..#####
.####.....######........
####.......## #.#.#####
# #.........# #.#.#
###.........# ##.# #
..#.........###..#
#................#
............####.#
###..........###.#


You could see Pikel, a lemure and a bullfrog.

Vanquished Creatures
  Edmund (D:4)
  Menkaure (D:6)
  3 lemures (D:6)
  A phantom (D:6)
  A bullfrog (D:6)
  A scorpion (D:4)
  A howler monkey (D:4)
  A hound (D:3)
  A jelly (D:6)
  2 iguanas (D:5)
  Terence (D:2)
  An orc wizard (D:4)
  7 adders
  2 white imps
  An ufetubus (D:5)
  3 worms
  6 dart slugs
  12 orcs
  8 bats
  8 endoplasms
  5 giant cockroaches
  6 goblins
  7 hobgoblins
  7 jackals
  A quokka (D:1)
  7 ball pythons
  3 frilled lizards
  12 kobolds
  4 rats
114 creatures vanquished.

Vanquished Creatures (others)
  A quokka (D:5)
  5 toadstools (D:1)
6 creatures vanquished.

Grand Total: 120 creatures vanquished

Notes
Turn   | Place    | Note
-------+----------+-------------------------------------------
     0 | D:1      | arthad the Gnoll Transmuter began the quest for the Orb.
     0 | D:1      | Reached XP level 1. HP: 17/17 MP: 6/6
   179 | D:1      | Reached XP level 2. HP: 21/22 MP: 5/7
   319 | D:1      | Learned a level 2 spell: Wereblood
   378 | D:1      | Reached skill level 5 in Spellcasting
   378 | D:1      | Reached XP level 3. HP: 24/28 MP: 6/9
   584 | D:1      | Reached skill level 1 in Invocations
   830 | D:2      | You fall into a shaft and drop 1 floor!
   970 | D:2      | Reached skill level 1 in Short Blades
   970 | D:2      | Reached skill level 1 in Long Blades
   970 | D:2      | Reached skill level 1 in Axes
   970 | D:2      | Reached skill level 1 in Maces & Flails
   970 | D:2      | Reached skill level 1 in Polearms
   970 | D:2      | Reached skill level 1 in Staves
   970 | D:2      | Reached skill level 1 in Ranged Weapons
   970 | D:2      | Reached skill level 1 in Throwing
   970 | D:2      | Reached skill level 1 in Armour
   970 | D:2      | Reached skill level 1 in Stealth
   970 | D:2      | Reached skill level 1 in Shields
   970 | D:2      | Reached skill level 1 in Evocations
   995 | D:2      | Identified the -2 pair of boots of Responsibility {rF+}
  1160 | D:2      | Noticed Terence
  1170 | D:2      | Killed Terence
  1171 | D:2      | Reached skill level 1 in Conjurations
  1171 | D:2      | Reached skill level 1 in Hexes
  1171 | D:2      | Reached skill level 1 in Summonings
  1171 | D:2      | Reached skill level 1 in Necromancy
  1171 | D:2      | Reached skill level 1 in Translocations
  1171 | D:2      | Reached skill level 1 in Fire Magic
  1171 | D:2      | Reached skill level 1 in Ice Magic
  1171 | D:2      | Reached skill level 1 in Air Magic
  1171 | D:2      | Reached skill level 1 in Earth Magic
  1171 | D:2      | Reached skill level 1 in Poison Magic
  1171 | D:2      | Reached XP level 4. HP: 34/34 MP: 11/11
  1602 | D:3      | Learned a level 3 spell: Spider Form
  1607 | D:3      | Learned a level 4 spell: Ice Form
  1679 | D:3      | Noticed a black bear
  1873 | D:3      | Reached XP level 5. HP: 40/40 MP: 12/12
  2501 | D:4      | Reached XP level 6. HP: 41/47 MP: 13/13
  2549 | D:4      | Reached skill level 5 in Dodging
  2614 | D:4      | Learned a level 3 spell: Call Canine Familiar
  2932 | D:4      | Noticed Edmund
  2960 | D:4      | Killed Edmund
  2961 | D:4      | Reached skill level 7 in Unarmed Combat
  2961 | D:4      | Reached XP level 7. HP: 40/52 MP: 11/15
  3102 | D:4      | Found the +0 staff of Battle
  3232 | D:4      | Found a runed translucent door.
  3233 | D:4      | Noticed Crazy Yiuf
  3406 | D:4      | Found an opulent altar of Gozag.
  3662 | D:5      | Entered Level 5 of the Dungeon
  3671 | D:5      | Found a transporter.
  3671 | D:5      | Noticed bande's ghost (amateur GrFi)
  3774 | D:5      | Found a white marble altar of Elyvilon.
  3841 | D:5      | Found an ornate altar of the Wu Jian Council.
  4076 | D:5      | Found Efugih's Antique Armour Shop.
  4079 | D:5      | Bought a distressingly furry scale mail for 189 gold pieces
  4079 | D:5      | Identified the +5 scale mail of Resilience {rF+ Int+4
                  | Slay-5} (You bought it in a shop on level 5 of the Dungeon)
  4095 | D:5      | Found a staircase to the Ecumenical Temple.
  4137 | Temple   | Entered the Ecumenical Temple
  4246 | Temple   | Became a worshipper of Sif Muna the Loreminder
  4398 | D:5      | Found a transporter.
  4867 | D:6      | Noticed a kobold demonologist
  4869 | D:6      | Noticed a kobold demonologist
  4928 | D:5      | Bought a distressingly furry scale mail for 189 gold pieces
  4928 | D:5      | Identified the +2 scale mail of the Holding Gods {Dex+2}
                  | (You bought it in a shop on level 5 of the Dungeon)
  4946 | D:6      | Noticed Menkaure
  4955 | D:6      | Killed Menkaure
  4964 | D:6      | Noticed Pikel
  4975 | D:6      | HP: 3/64 [Pikel/+1 whip of freezing (8)]
  4976 | D:6      | Slain by a lemure

Illustrated notes

Levels and vault maps discovered:
D:1:      ldierk_walled_garden, layout_loops_ring
D:2:      layout_basic, uniq_terence
D:3:      layout_loops_ring
D:4:      layout_basic, general_overflow_altar, uniq_crazy_yiuf_cottage,
          uniq_edmund
D:5:      layout_basic, amcnicky_altar_gilded, elyvilon_altar_4,
          minmay_temple_entry_mini_moons, serial_shops, kennysheep_mini,
          gammafunk_ghost_stat_death
D:6:      gammafunk_wand_slinger, layout_rooms, uniq_menkaure, uniq_pikel
Temple:   nicolae_temple_godzebo

Skill      XL: |  1  2  3  4  5  6  7 |
---------------+----------------------+-----
Spellcasting   | 5 |  5.8
Invocations    | 1 2 3 |  3.2
Short Blades   | 1 2 3 |  3.0
Long Blades    | 1 2 3 |  3.0
Axes           | 1 2 3 |  3.0
Maces & Flails | 1 2 3 |  3.0
Polearms       | 1 2 3 |  3.0
Staves         | 1 2 3 |  3.0
Ranged Weapons | 1 2 3 |  3.0
Throwing       | 1 2 3 |  3.0
Armour         | 1 2 3 |  3.0
Stealth        | 1 2 3 |  3.0
Shields        | 1 2 3 |  3.0
Evocations     | 1 2 3 |  3.0
Conjurations   | 1 2 |  2.4
Hexes          | 1 2 |  2.4
Summonings     | 1 2 |  2.4
Necromancy     | 1 2 |  2.4
Translocations | 1 2 |  2.4
Fire Magic     | 1 2 |  2.4
Ice Magic      | 1 2 |  2.4
Air Magic      | 1 2 |  2.4
Earth Magic    | 1 2 |  2.4
Poison Magic   | 1 2 |  2.4
Fighting       | 3 4 |  4.0
Transmutations | 4 |  4.5
Dodging        | 5 |  5.5
Unarmed Combat | 7 |  7.2

Action                   |  1- 3 |  4- 6 |  7- 9 || total
-------------------------+-------+-------+-------++-------
Melee: Unarmed           |   105 |   166 |    35 ||   306
       Kick              |    17 |    13 |     1 ||    31
       Punch             |     4 |     7 |     2 ||    13
       Headbutt          |    10 |    10 |       ||    20
       Bite              |     8 |    14 |     4 ||    26
       Staff             |       |       |    40 ||    40
Throw: Dart              |       |     1 |       ||     1
 Cast: Beastly Appendage |    14 |    10 |     1 ||    25
       Wereblood         |       |     1 |       ||     1
       Call Canine Famil |       |     1 |     2 ||     3
       Spider Form       |       |     1 |     1 ||     2
       Ice Form          |       |       |     1 ||     1
  Use: Potion            |       |     5 |     1 ||     6
 Stab: Sleeping          |       |     4 |     3 ||     7
Armor: Robe              |    15 |    18 |     7 ||    40
       Skin              |       |       |     6 ||     6
Dodge: Dodged            |    64 |   101 |    48 ||   213

Table legend: (Time is in decaauts)
 A = Elapsed time spent in this place.
 B = Non-inter-level travel time spent in this place.
 C = Inter-level travel time spent in this place.
 D = Time resting spent in this place.
 E = Time spent auto-exploring this place.
 F = Levels seen in this place.
 G = Mean time per level.
                   A        B        C        D        E       F      G
               +--------+--------+--------+--------+--------+-----+--------+
         Total |   4923 |   4658 |    265 |      0 |   3756 |   7 |  703.3 |
       Dungeon |   4785 |   4557 |    228 |      0 |   3669 |   6 |  797.5 |
        Temple |    138 |    101 |     37 |      0 |     87 |   1 |  138.0 |
               +--------+--------+--------+--------+--------+-----+--------+

Top non-repeatable levels by time:
     D:4: 1176 daAuts
     D:5: 1027 daAuts
     D:3: 912 daAuts
     D:1: 823 daAuts
     D:2: 697 daAuts
     D:6: 148 daAuts
  Temple: 138 daAuts
